Ice Dragons vs Harfangs
Created - March 22, 2019 at 23:45
Goals
|
Ice Dragons |
2 |
2 |
3 |
0 |
7 |
Harfangs |
4 |
2 |
1 |
1 |
8 |
|
Shots
|
Ice Dragons |
18 |
10 |
9 |
0 |
37 |
Harfangs |
11 |
7 |
8 |
2 |
28 |
|
1st period
1. Harfangs , Andreas Martinsen 22 (Steve Ott 34, Colton Sissons 11) at 6:36
2. Harfangs , Dustin Jeffrey 9 (Tomas Kubalik 25, Oscar Sundqvist 20) at 6:46
3. Harfangs , Jimmy Hayes 50 (Calle Jarnkrok 45, Victor Bartley 22) at 8:29
4. Harfangs , Colton Sissons 7 (Reid McNeill 18, Steve McCarthy 9) at 12:19
5. Ice Dragons , Michael Chaput 27 (David Rundblad 31) at 13:23
6. Ice Dragons , Matt Corrente 9 (Brandon Kozun 31, Brian Boyle 21) at 15:56 (PP)
Penalties :
Jimmy Hayes (BEA) for Boarding (Minor) at 2:03, Jimmy Hayes (BEA) for Hooking (Minor) at 9:12, Jujhar Khaira (BEA) for Goalie Interference (Minor) at 15:52
2nd period
7. Ice Dragons , Brian Boyle 16 (Matt Corrente 23, Brandon Kozun 32) at 0:37
8. Ice Dragons , Luke Adam 28 (William Carrier 15) at 9:30
9. Harfangs , Oscar Sundqvist 12 (Tomas Kubalik 26, Steve McCarthy 10) at 10:39
10. Harfangs , Brandon Pirri 17 (Steve Ott 35) at 14:10
Penalties :
William Carrier (Kin) for Holding Stick (Minor) at 18:22
3rd period
11. Ice Dragons , David Rundblad 6 (Brandon Kozun 33, Brayden McNabb 7) at 3:58
12. Harfangs , Jimmy Hayes 51 (Calle Jarnkrok 46, Jeff Petry 20) at 5:49 (PP)
13. Ice Dragons , William Carrier 10 (Luke Adam 22) at 8:40
14. Ice Dragons , Michael Chaput 28 (Alec Martinez 17) at 11:27
Penalties :
Brian Boyle (Kin) for High sticking (Minor) at 0:46, Matt Corrente (Kin) for Tripping (Minor) at 4:17, Matt Corrente (Kin) for Interference (Minor) at 6:12, Victor Bartley (BEA) for Holding (Minor) at 11:30, Reid McNeill (BEA) for Cross-checking (Minor) at 17:57
Overtime #1
15. Harfangs , Jimmy Hayes 52 (Calle Jarnkrok 47) at 0:12
Penalties :
No Penalty
Goalie Stats
Anders Nilsson (Kin), 3 saves from 7 shots - (0.429), 12:19 minutes
Harru Sateri (Kin), 17 saves from 21 shots - (0.810), OTL, 11-12-5, 47:53 minutes
Anton Forsberg (BEA), 30 saves from 37 shots - (0.811), W, 17-19-1, 60:12 minutes
Players Stats for Ice Dragons
Player Name G A P +/- PIM S H SB GA TA FO MP PP MP PK MP
------------------------------------------------------------------------------------
Alec Martinez 0 1 1 -2 0 3 0 2 0 1 0/0 30:05 4:55 4:35
Brandon Kozun 0 3 3 0 0 5 2 0 1 0 1/1 17:44 4:17 0:00
Brayden McNabb 0 1 1 3 0 1 3 0 0 0 0/0 20:05 3:05 2:54
Brian Boyle 1 1 2 -1 2 5 2 0 0 0 19/39 26:32 4:17 3:36
Chris Wagner 0 0 0 0 0 1 0 0 0 0 1/2 11:00 0:00 0:00
David Rundblad 1 1 2 3 0 3 1 1 0 1 0/0 20:05 3:05 2:54
Dmitri Orlov 0 0 0 0 0 0 0 0 0 0 0/0 3:01 0:00 0:00
Emil Pettersson 0 0 0 0 0 0 0 0 0 0 0/0 1:45 0:07 0:00
Justin Shugg 0 0 0 0 0 0 0 0 0 1 0/0 16:32 3:39 0:00
Kevin Connauton 0 0 0 -2 0 0 0 0 1 0 0/0 12:07 0:00 2:05
Logan MacMillan 0 0 0 0 0 0 1 0 1 1 2/3 19:37 4:14 1:31
Luke Adam 1 1 2 -1 0 4 4 1 0 0 7/10 21:40 3:39 4:47
Matt Corrente 1 1 2 -2 4 5 1 1 0 1 0/0 24:59 4:55 2:30
Michael Chaput 2 0 2 0 0 5 2 1 0 0 3/10 13:49 0:00 2:16
Michael Ferland 0 0 0 0 0 1 0 0 0 0 1/2 13:10 0:00 1:29
Michael Stone 0 0 0 -2 0 0 0 0 1 0 0/0 10:02 0:00 0:00
Sam Carrick 0 0 0 0 0 0 0 0 0 0 1/2 7:06 0:04 0:39
Thomas Gobeil 0 0 0 0 0 0 2 0 0 0 0/0 6:41 0:04 0:00
William Carrier 1 1 2 0 2 4 2 0 1 0 0/1 17:15 3:39 0:40
Players Stats for Harfangs
Player Name G A P +/- PIM S H SB GA TA FO MP PP MP PK MP
------------------------------------------------------------------------------------
Andreas Martinsen 1 0 1 0 0 1 3 1 0 0 0/0 12:17 0:00 2:45
Brandon Pirri 1 0 1 0 0 3 1 1 0 0 0/0 9:04 0:00 0:00
Calle Jarnkrok 0 3 3 -1 0 2 1 1 1 0 19/33 19:57 4:48 0:00
Colton Sissons 1 1 2 0 0 3 0 0 0 0 1/5 9:21 0:00 1:02
Dustin Jeffrey 1 0 1 2 0 2 1 1 0 0 0/0 14:47 2:41 0:00
Dylan Olsen 0 0 0 -1 0 2 1 0 2 1 0/0 12:11 0:00 1:51
Jake Dotchin 0 0 0 -1 0 0 1 1 0 0 0/0 10:43 0:00 0:36
Jeff Petry 0 1 1 0 0 1 3 1 0 1 0/0 20:54 3:26 3:13
Jimmy Hayes 3 0 3 -1 4 6 1 1 0 1 1/2 22:03 4:48 2:05
Jujhar Khaira 0 0 0 -2 2 0 2 0 1 0 1/2 21:32 4:48 1:48
Morgan Klimchuk 0 0 0 0 0 0 0 0 0 0 0/1 8:40 0:00 0:27
Oscar Sundqvist 1 1 2 2 0 2 0 2 0 0 5/13 18:17 2:41 3:42
Reid McNeill 0 1 1 0 2 1 3 2 0 0 0/0 20:12 3:26 2:16
Ryan Hartman 0 0 0 0 0 0 1 0 0 0 0/0 8:13 0:00 0:00
Steve McCarthy 0 2 2 2 0 1 1 3 0 0 0/0 28:48 4:03 4:37
Steve Ott 0 2 2 0 0 1 3 2 1 0 7/12 13:08 0:00 4:11
Tomas Kubalik 0 2 2 2 0 3 0 0 0 0 1/2 14:47 2:41 0:00
Victor Bartley 0 1 1 2 2 0 0 0 0 2 0/0 27:49 4:03 3:27
3 Stars
1 - David Rundblad (Kin)
2 - Jimmy Hayes (BEA)
3 - Michael Chaput (Kin)
Power Play
Ice Dragons - 1 on 5 Attempt(s) - 20.00%
Harfangs - 1 on 4 Attempt(s) - 25.00%
Penalty Kill
Ice Dragons - 3 on 4 Attempt(s) - 75.00%
- Score 0 goal in Penalty Kill
Harfangs - 4 on 5 Attempt(s) - 80.00%
- Score 0 goal in Penalty Kill
Team Stat
Ice Dragons - Hits : 20 - Faceoff Wins : 35 - Blocked Shots : 6 - Penalty Minutes : 8
Harfangs - Hits : 22 - Faceoff Wins : 35 - Blocked Shots : 16 - Penalty Minutes : 10
Official
Referees : Unknown
Linesman : Unknown
Game Notes
Harru Sateri enters game at 12:19 of 1st period
Jimmy Hayes has scored a Hat Trick!
Finance
Level 1 -- Attendance: 1437 (71.85%) -- Ticket Income $48,858
Level 2 -- Attendance: 696 (69.60%) -- Ticket Income $13,224
Total Attendance: 2133 (71.10%)
Total Ticket Income: $62,082
Other Income: $3,104
Total Income: $65,186
Ice Dragons
5 vs 5 Forward
Center Left Wing Right Wing Time % Phy DF OF
1 Brian Boyle Logan MacMillan Brandon Kozun 40 1 2 2
2 Luke Adam William Carrier Justin Shugg 30 1 2 2
3 Michael Chaput Michael Ferland Chris Wagner 20 1 2 2
4 Sam Carrick Brian Boyle Thomas Gobeil 10 1 2 2
5 vs 5 Defense
Defense Defense Time % Phy DF OF
1 Alec Martinez Matt Corrente 40 1 2 2
2 David Rundblad Brayden McNabb 30 1 2 2
3 Michael Stone Kevin Connauton 20 1 2 2
4 Dmitri Orlov Alec Martinez 10 1 2 2
PowerPlay Forward
Center Left Wing Right Wing Time % Phy DF OF
1 Brian Boyle Logan MacMillan Brandon Kozun 60 1 2 2
2 Luke Adam William Carrier Justin Shugg 40 1 2 2
PowerPlay Defense
Defense Defense Time % Phy DF OF
1 Alec Martinez Matt Corrente 60 1 2 2
2 David Rundblad Brayden McNabb 40 1 2 2
Penalty Kill 4 Players Forward
Center Wing Time % Phy DF OF
1 Brian Boyle Luke Adam 60 1 2 2
2 Michael Chaput Logan MacMillan 40 1 2 2
Penalty Kill 4 Players Defense
Defense Defense Time % Phy DF OF
1 Alec Martinez Matt Corrente 60 1 2 2
2 David Rundblad Brayden McNabb 40 1 2 2
Penalty Kill - 3 Players Forward
Forward Time % Phy DF OF
1 Brian Boyle 60 1 2 2
2 Luke Adam 40 1 2 2
Penalty Kill - 3 Players Defense
Defense Defense Time % Phy DF OF
1 Alec Martinez Matt Corrente 60 1 2 2
2 David Rundblad Brayden McNabb 40 1 2 2
4 vs 4 Forward
Center Wing Time % Phy DF OF
1 Brian Boyle Luke Adam 60 1 2 2
2 Michael Chaput Logan MacMillan 40 1 2 2
4 vs 4 Defense
Defense Defense Time % Phy DF OF
1 Alec Martinez Matt Corrente 60 1 2 2
2 David Rundblad Brayden McNabb 40 1 2 2
Last Minutes Offensive
Center Left Wing Right Wing Defense Defense
Brian Boyle Logan MacMillan Brandon Kozun Alec Martinez Matt Corrente
Last Minutes Defensive
Center Left Wing Right Wing Defense Defense
Brian Boyle Logan MacMillan Brandon Kozun Alec Martinez Matt Corrente
Goaltenders
Starting : Anders Nilsson
Backup : Harru Sateri
Extra Forwards
Normal : Emil Pettersson, Sam Carrick, Michael Ferland - PP : Emil Pettersson, Sam Carrick - PK : Michael Ferland
Extra Defensemen
Normal : Michael Stone, Kevin Connauton, Dmitri Orlov - PP : Michael Stone - PK : Kevin Connauton, Dmitri Orlov
Penalty Shots
Brian Boyle, Luke Adam, Michael Chaput, Logan MacMillan, Brandon Kozun
Scratches
Theodor Blueger (Healthy), Alex Henriksson (Healthy), Cole Ully (Healthy), Christian Djoos (Healthy), Alex Plante (Healthy)
Samuel Groulx (Healthy), Oscar Dansk (Healthy)
Harfangs
5 vs 5 Forward
Center Left Wing Right Wing Time % Phy DF OF
1 Calle Jarnkrok Jujhar Khaira Jimmy Hayes 40 0 1 4
2 Oscar Sundqvist Dustin Jeffrey Tomas Kubalik 30 0 1 4
3 Steve Ott Andreas Martinsen Brandon Pirri 20 0 2 3
4 Colton Sissons Morgan Klimchuk Ryan Hartman 10 0 3 2
5 vs 5 Defense
Defense Defense Time % Phy DF OF
1 Steve McCarthy Victor Bartley 40 1 3 1
2 Jeff Petry Reid McNeill 30 1 3 1
3 Dylan Olsen Jake Dotchin 20 1 3 1
4 Steve McCarthy Victor Bartley 10 1 3 1
PowerPlay Forward
Center Left Wing Right Wing Time % Phy DF OF
1 Calle Jarnkrok Jujhar Khaira Jimmy Hayes 60 0 1 4
2 Oscar Sundqvist Dustin Jeffrey Tomas Kubalik 40 0 1 4
PowerPlay Defense
Defense Defense Time % Phy DF OF
1 Steve McCarthy Victor Bartley 60 0 2 3
2 Jeff Petry Reid McNeill 40 0 2 3
Penalty Kill 4 Players Forward
Center Wing Time % Phy DF OF
1 Steve Ott Jimmy Hayes 60 0 4 1
2 Oscar Sundqvist Jujhar Khaira 40 0 4 1
Penalty Kill 4 Players Defense
Defense Defense Time % Phy DF OF
1 Steve McCarthy Victor Bartley 60 1 4 0
2 Jeff Petry Reid McNeill 40 1 4 0
Penalty Kill - 3 Players Forward
Forward Time % Phy DF OF
1 Steve Ott 60 0 4 1
2 Oscar Sundqvist 40 0 4 1
Penalty Kill - 3 Players Defense
Defense Defense Time % Phy DF OF
1 Steve McCarthy Victor Bartley 60 1 4 0
2 Jeff Petry Reid McNeill 40 1 4 0
4 vs 4 Forward
Center Wing Time % Phy DF OF
1 Calle Jarnkrok Jimmy Hayes 60 0 2 3
2 Oscar Sundqvist Jujhar Khaira 40 0 2 3
4 vs 4 Defense
Defense Defense Time % Phy DF OF
1 Steve McCarthy Victor Bartley 60 1 3 1
2 Jeff Petry Reid McNeill 40 1 3 1
Last Minutes Offensive
Center Left Wing Right Wing Defense Defense
Calle Jarnkrok Jujhar Khaira Jimmy Hayes Steve McCarthy Victor Bartley
Last Minutes Defensive
Center Left Wing Right Wing Defense Defense
Steve Ott Jujhar Khaira Jimmy Hayes Steve McCarthy Victor Bartley
Goaltenders
Starting : Anton Forsberg
Backup : Zachary Fucale
Extra Forwards
Normal : Andreas Martinsen, Brandon Pirri, Oscar Sundqvist - PP : Andreas Martinsen, Brandon Pirri - PK : Oscar Sundqvist
Extra Defensemen
Normal : Dylan Olsen, Steve McCarthy, Jeff Petry - PP : Dylan Olsen - PK : Dylan Olsen, Jeff Petry
Penalty Shots
Dustin Jeffrey, Jujhar Khaira, Steve Ott, Tomas Kubalik, Brandon Pirri
Scratches
Garnet Hathaway (Healthy), Cristoval Nieves (Healthy), Brenden Kichton (Healthy), Blake Heinrich (Facial Surgery Injury), Nick Sorensen (Healthy)
Laurent Dauphin (Healthy), Mark Alt (Healthy), Brendan Leipsic (Healthy), Rinat Valiev (Healthy), Erik Nystrom (Healthy)
Jason Kasdorf (Healthy), Mark Visentin (Healthy), Scott Wedgewood (Healthy)
% Time on Ice - Ice Dragons
Lines # - Real PCT - Wanted PCT - Time Play
Normal Forward
1 - 31% - 40% - 13:53
2 - 31% - 30% - 13:59
3 - 25% - 20% - 11:00
4 - 13% - 10% - 5:39
Normal Defense
1 - 39% - 40% - 17:22
2 - 32% - 30% - 14:06
3 - 23% - 20% - 10:02
4 - 7% - 10% - 3:01
PP Forward
1 - 54% - 60% - 4:21
2 - 46% - 40% - 3:39
PP Defense
1 - 61% - 60% - 4:55
2 - 39% - 40% - 3:05
PK Forward
1 - 82% - 60% - 6:07
2 - 18% - 40% - 1:22
PK Defense
1 - 61% - 60% - 4:35
2 - 39% - 40% - 2:54
PK3 Forward
1 - 0% - 60%
2 - 0% - 40%
PK3 Defense
1 - 0% - 60%
2 - 0% - 40%
44 Forward
1 - 100% - 60% - 0:12
2 - 0% - 40% - 0:00
44 Defense
1 - 100% - 60% - 0:12
2 - 0% - 40% - 0:00
Last Minute Offensive - 0:00
Last Minute Defensive - 0:00
Total
Forward - 60:12
Defense - 60:12
|
% Time on Ice - Harfangs
Lines # - Real PCT - Wanted PCT - Time Play
Normal Forward
1 - 34% - 40% - 15:15
2 - 27% - 30% - 12:06
3 - 20% - 20% - 8:57
4 - 18% - 10% - 8:13
Normal Defense
1 - 42% - 40% - 18:43
2 - 32% - 30% - 14:15
3 - 22% - 20% - 9:37
4 - 4% - 10% - 1:56
PP Forward
1 - 64% - 60% - 4:48
2 - 36% - 40% - 2:41
PP Defense
1 - 54% - 60% - 4:03
2 - 46% - 40% - 3:26
PK Forward
1 - 78% - 60% - 6:12
2 - 23% - 40% - 1:48
PK Defense
1 - 60% - 60% - 4:47
2 - 40% - 40% - 3:13
PK3 Forward
1 - 0% - 60%
2 - 0% - 40%
PK3 Defense
1 - 0% - 60%
2 - 0% - 40%
44 Forward
1 - 100% - 60% - 0:12
2 - 0% - 40% - 0:00
44 Defense
1 - 100% - 60% - 0:12
2 - 0% - 40% - 0:00
Last Minute Offensive - 0:00
Last Minute Defensive - 0:00
Total
Forward - 60:12
Defense - 60:12
|
Play-by-Play
1st period
0:01 of 1st period - Calle Jarnkrok wins face-off versus Logan MacMillan in neutral zone.
0:31 of 1st period - Wrist shot by Tomas Kubalik.
0:31 of 1st period - Stopped by Anders Nilsson without a rebound.
0:32 of 1st period - Steve Ott wins face-off versus Chris Wagner in Ice Dragons zone.
0:36 of 1st period - Icing by Michael Chaput.
0:37 of 1st period - Chris Wagner wins face-off versus Steve Ott in Ice Dragons zone.
1:50 of 1st period - Jeff Petry is hit by Michael Chaput and loses puck.
2:03 of 1st period - Minor Penalty to Jimmy Hayes for Boarding.
2:04 of 1st period - Steve Ott wins face-off versus Brian Boyle in Harfangs zone.
4:03 of 1st period - Penalty to Jimmy Hayes is over, Jimmy Hayes is back on ice.
4:13 of 1st period - Snap shot by Calle Jarnkrok.
4:13 of 1st period - Shot Misses the Net.
4:23 of 1st period - Ryan Hartman is hit by Brayden McNabb and loses puck.
4:46 of 1st period - Michael Stone is hit by Calle Jarnkrok.
5:37 of 1st period - Wrist shot by Brandon Kozun.
5:37 of 1st period - Shot Misses the Net.
5:39 of 1st period - Snap shot by Brandon Kozun.
5:39 of 1st period - Shot Misses the Net.
5:41 of 1st period - Snap shot by Brandon Kozun.
5:41 of 1st period - Shot Blocked by Brandon Pirri.
6:12 of 1st period - Snap shot by Colton Sissons.
6:12 of 1st period - Stopped by Anders Nilsson without a rebound.
6:13 of 1st period - Brian Boyle wins face-off versus Colton Sissons in Ice Dragons zone.
6:34 of 1st period - Snap shot by Andreas Martinsen.
6:34 of 1st period - Shot Misses the Net.
6:36 of 1st period - Snap shot by Andreas Martinsen.
6:36 of 1st period - Goal by Andreas Martinsen - Ice Dragons : 0 - Harfangs : 1.
6:37 of 1st period - Oscar Sundqvist wins face-off versus Brian Boyle in neutral zone.
6:46 of 1st period - Slapshot by Dustin Jeffrey.
6:46 of 1st period - Goal by Dustin Jeffrey - Ice Dragons : 0 - Harfangs : 2.
6:47 of 1st period - Brian Boyle wins face-off versus Oscar Sundqvist in neutral zone.
6:56 of 1st period - Wrist shot by Alec Martinez.
6:56 of 1st period - Shot Blocked by Oscar Sundqvist.
6:58 of 1st period - Slapshot by Alec Martinez.
6:58 of 1st period - Deflect By Brandon Kozun.
6:58 of 1st period - Stopped by Anton Forsberg with a rebound.
7:00 of 1st period - Wrist shot by Brian Boyle.
7:00 of 1st period - Shot Blocked by Dustin Jeffrey.
7:02 of 1st period - Slapshot by Alec Martinez.
7:02 of 1st period - Shot Misses the Net.
7:34 of 1st period - Jeff Petry is hit by David Rundblad and loses puck.
8:19 of 1st period - Wrist shot by Luke Adam.
8:19 of 1st period - Stopped by Anton Forsberg without a rebound.
8:20 of 1st period - Luke Adam wins face-off versus Calle Jarnkrok in Harfangs zone.
8:29 of 1st period - Wrist shot by Jimmy Hayes.
8:29 of 1st period - Goal by Jimmy Hayes - Ice Dragons : 0 - Harfangs : 3.
8:30 of 1st period - Brian Boyle wins face-off versus Oscar Sundqvist in neutral zone.
8:43 of 1st period - Logan MacMillan is hit by Steve McCarthy and loses puck.
8:56 of 1st period - Luke Adam is hit by Jujhar Khaira.
9:02 of 1st period - Wrist shot by Luke Adam.
9:02 of 1st period - Stopped by Anton Forsberg with a rebound.
9:04 of 1st period - Snap shot by William Carrier.
9:04 of 1st period - Shot Misses the Net.
9:06 of 1st period - Slapshot by William Carrier.
9:06 of 1st period - Stopped by Anton Forsberg with a rebound.
9:12 of 1st period - Minor Penalty to Jimmy Hayes for Hooking.
9:13 of 1st period - Steve Ott wins face-off versus Brian Boyle in Harfangs zone.
9:23 of 1st period - Off-side.
9:24 of 1st period - Steve Ott wins face-off versus Brian Boyle in neutral zone.
11:12 of 1st period - Penalty to Jimmy Hayes is over, Jimmy Hayes is back on ice.
11:22 of 1st period - Snap shot by Michael Chaput.
11:22 of 1st period - Shot Misses the Net.
11:24 of 1st period - Wrist shot by Alec Martinez.
11:24 of 1st period - Shot Misses the Net.
11:26 of 1st period - Snap shot by Alec Martinez.
11:26 of 1st period - Stopped by Anton Forsberg without a rebound.
11:27 of 1st period - Jimmy Hayes wins face-off versus Michael Chaput in Harfangs zone.
11:54 of 1st period - Brayden McNabb is hit by Jake Dotchin and loses puck.
12:15 of 1st period - Wrist shot by Colton Sissons.
12:15 of 1st period - Shot Misses the Net.
12:17 of 1st period - Slapshot by Reid McNeill.
12:17 of 1st period - Stopped by Anders Nilsson with a rebound.
12:19 of 1st period - Wrist shot by Colton Sissons.
12:19 of 1st period - Goal by Colton Sissons - Ice Dragons : 0 - Harfangs : 4.
12:19 of 1st period - Harru Sateri enters game.
12:20 of 1st period - Luke Adam wins face-off versus Oscar Sundqvist in neutral zone.
12:27 of 1st period - Snap shot by Luke Adam.
12:27 of 1st period - Stopped by Anton Forsberg without a rebound.
12:28 of 1st period - Luke Adam wins face-off versus Oscar Sundqvist in Harfangs zone.
12:35 of 1st period - Slapshot by Luke Adam.
12:35 of 1st period - Shot Misses the Net.
12:41 of 1st period - Slapshot by Alec Martinez.
12:41 of 1st period - Stopped by Anton Forsberg with a rebound.
12:59 of 1st period - Snap shot by Brian Boyle.
12:59 of 1st period - Shot Misses the Net.
13:21 of 1st period - Snap shot by Michael Chaput.
13:21 of 1st period - Stopped by Anton Forsberg with a rebound.
13:23 of 1st period - Slapshot by Michael Chaput.
13:23 of 1st period - Goal by Michael Chaput - Ice Dragons : 1 - Harfangs : 4.
13:24 of 1st period - Calle Jarnkrok wins face-off versus Brian Boyle in neutral zone.
13:39 of 1st period - Jimmy Hayes is hit by Brayden McNabb and loses puck.
13:50 of 1st period - William Carrier is hit by Steve Ott and loses puck.
14:21 of 1st period - Slapshot by Colton Sissons.
14:21 of 1st period - Shot Misses the Net.
15:19 of 1st period - Slapshot by Brandon Pirri.
15:19 of 1st period - Shot Blocked by Matt Corrente.
15:21 of 1st period - Wrist shot by Steve Ott.
15:21 of 1st period - Stopped by Harru Sateri with a rebound.
15:23 of 1st period - Snap shot by Dylan Olsen.
15:23 of 1st period - Deflect By Matt Corrente.
15:23 of 1st period - Stopped by Harru Sateri without a rebound.
15:24 of 1st period - Brian Boyle wins face-off versus Oscar Sundqvist in Ice Dragons zone.
15:31 of 1st period - Snap shot by Tomas Kubalik.
15:31 of 1st period - Stopped by Harru Sateri with a rebound.
15:33 of 1st period - Snap shot by Dustin Jeffrey.
15:33 of 1st period - Shot Misses the Net.
15:52 of 1st period - Minor Penalty to Jujhar Khaira for Goalie Interference.
15:53 of 1st period - Brian Boyle wins face-off versus Steve Ott in Harfangs zone.
15:54 of 1st period - Wrist shot by Brandon Kozun.
15:54 of 1st period - Stopped by Anton Forsberg with a rebound.
15:56 of 1st period - Wrist shot by Matt Corrente.
15:56 of 1st period - Goal by Matt Corrente - Ice Dragons : 2 - Harfangs : 4.
15:57 of 1st period - Brian Boyle wins face-off versus Calle Jarnkrok in neutral zone.
16:09 of 1st period - Icing by Jujhar Khaira.
16:10 of 1st period - Brian Boyle wins face-off versus Calle Jarnkrok in Harfangs zone.
16:15 of 1st period - Wrist shot by Brandon Kozun.
16:15 of 1st period - Stopped by Anton Forsberg with a rebound.
16:17 of 1st period - Slapshot by Matt Corrente.
16:17 of 1st period - Stopped by Anton Forsberg without a rebound.
16:18 of 1st period - Calle Jarnkrok wins face-off versus Brian Boyle in Harfangs zone.
16:18 of 1st period - Calle Jarnkrok is hit by Matt Corrente.
16:32 of 1st period - Slapshot by Jimmy Hayes.
16:32 of 1st period - Stopped by Harru Sateri without a rebound.
16:33 of 1st period - Steve Ott wins face-off versus Luke Adam in Ice Dragons zone.
16:42 of 1st period - Slapshot by Matt Corrente.
16:42 of 1st period - Stopped by Anton Forsberg with a rebound.
16:48 of 1st period - Matt Corrente is hit by Steve Ott and loses puck.
16:59 of 1st period - Calle Jarnkrok is hit by Logan MacMillan.
17:05 of 1st period - Wrist shot by Brandon Kozun.
17:05 of 1st period - Stopped by Anton Forsberg with a rebound.
17:25 of 1st period - Slapshot by Michael Ferland.
17:25 of 1st period - Stopped by Anton Forsberg with a rebound.
17:27 of 1st period - Wrist shot by Michael Ferland.
17:27 of 1st period - Shot Misses the Net.
17:29 of 1st period - Slapshot by Kevin Connauton.
17:29 of 1st period - Deflect By Michael Ferland.
17:29 of 1st period - Shot Blocked by Jeff Petry.
17:29 of 1st period - Puck is out of play.
17:30 of 1st period - Brandon Kozun wins face-off versus Oscar Sundqvist in Harfangs zone.
18:01 of 1st period - Kevin Connauton is hit by Steve Ott and loses puck.
18:41 of 1st period - Snap shot by Brian Boyle.
18:41 of 1st period - Shot Blocked by Jake Dotchin.
19:44 of 1st period - Slapshot by Victor Bartley.
19:44 of 1st period - Deflect By Ryan Hartman.
19:44 of 1st period - Shot Blocked by David Rundblad.
19:44 of 1st period - Puck is out of play.
19:45 of 1st period - Luke Adam wins face-off versus Calle Jarnkrok in Ice Dragons zone.
19:50 of 1st period - Slapshot by Matt Corrente.
19:50 of 1st period - Stopped by Anton Forsberg with a rebound.
19:52 of 1st period - Slapshot by Alec Martinez.
19:52 of 1st period - Deflect By Justin Shugg.
19:52 of 1st period - Shot Misses the Net.
19:52 of 1st period - Puck is out of play.
19:53 of 1st period - Logan MacMillan wins face-off versus Calle Jarnkrok in Harfangs zone.
19:54 of 1st period - Snap shot by Brandon Kozun.
19:54 of 1st period - Shot Blocked by Steve McCarthy.
19:56 of 1st period - Slapshot by Logan MacMillan.
19:56 of 1st period - Shot Misses the Net.
19:58 of 1st period - Backhand shot by Brian Boyle.
19:58 of 1st period - Stopped by Anton Forsberg with a rebound.
Goals for this period are 2 for Ice Dragons vs 4 for Harfangs.
Shots for this period are 18 for Ice Dragons vs 11 for Harfangs.
2nd period
0:01 of 2nd period - Brian Boyle wins face-off versus Calle Jarnkrok in neutral zone.
0:04 of 2nd period - Calle Jarnkrok is hit by Brandon Kozun and loses puck.
0:35 of 2nd period - Wrist shot by Brian Boyle.
0:35 of 2nd period - Shot Blocked by Steve Ott.
0:37 of 2nd period - Snap shot by Brian Boyle.
0:37 of 2nd period - Goal by Brian Boyle - Ice Dragons : 3 - Harfangs : 4.
0:38 of 2nd period - Jujhar Khaira wins face-off versus Luke Adam in neutral zone.
1:16 of 2nd period - Slapshot by Brandon Kozun.
1:16 of 2nd period - Shot Misses the Net.
1:18 of 2nd period - Slapshot by Matt Corrente.
1:18 of 2nd period - Stopped by Anton Forsberg without a rebound.
1:19 of 2nd period - Calle Jarnkrok wins face-off versus Michael Chaput in Harfangs zone.
1:32 of 2nd period - Snap shot by Jimmy Hayes.
1:32 of 2nd period - Stopped by Harru Sateri with a rebound.
1:34 of 2nd period - Wrist shot by Jujhar Khaira.
1:34 of 2nd period - Shot Misses the Net.
2:27 of 2nd period - Steve McCarthy is hit by William Carrier and loses puck.
2:52 of 2nd period - Slapshot by Brayden McNabb.
2:52 of 2nd period - Stopped by Anton Forsberg without a rebound.
2:53 of 2nd period - Sam Carrick wins face-off versus Calle Jarnkrok in Harfangs zone.
3:02 of 2nd period - Snap shot by David Rundblad.
3:02 of 2nd period - Stopped by Anton Forsberg without a rebound.
3:03 of 2nd period - Luke Adam wins face-off versus Calle Jarnkrok in Harfangs zone.
3:30 of 2nd period - Dylan Olsen is hit by Luke Adam and loses puck.
3:51 of 2nd period - Slapshot by Brayden McNabb.
3:51 of 2nd period - Shot Blocked by Calle Jarnkrok.
3:53 of 2nd period - Wrist shot by William Carrier.
3:53 of 2nd period - Stopped by Anton Forsberg without a rebound.
3:54 of 2nd period - Oscar Sundqvist wins face-off versus Brian Boyle in Harfangs zone.
4:09 of 2nd period - Tomas Kubalik is hit by Brandon Kozun and loses puck.
4:24 of 2nd period - Snap shot by Matt Corrente.
4:24 of 2nd period - Shot Misses the Net.
4:27 of 2nd period - Icing by Steve McCarthy.
4:28 of 2nd period - Michael Chaput wins face-off versus Steve Ott in Harfangs zone.
4:41 of 2nd period - Slapshot by David Rundblad.
4:41 of 2nd period - Deflect By Steve Ott.
4:41 of 2nd period - Stopped by Anton Forsberg without a rebound.
4:42 of 2nd period - Oscar Sundqvist wins face-off versus Brian Boyle in Harfangs zone.
5:21 of 2nd period - Luke Adam is hit by Jeff Petry and loses puck.
5:31 of 2nd period - Icing by William Carrier.
5:32 of 2nd period - Luke Adam wins face-off versus Steve Ott in Ice Dragons zone.
6:24 of 2nd period - Justin Shugg is hit by Ryan Hartman and loses puck.
6:39 of 2nd period - Dustin Jeffrey is hit by Thomas Gobeil and loses puck.
6:48 of 2nd period - Slapshot by Tomas Kubalik.
6:48 of 2nd period - Shot Blocked by Alec Martinez.
7:06 of 2nd period - Alec Martinez is hit by Dylan Olsen and loses puck.
7:25 of 2nd period - Brandon Kozun is hit by Andreas Martinsen.
8:25 of 2nd period - Brayden McNabb is hit by Andreas Martinsen and loses puck.
8:44 of 2nd period - Icing by Brayden McNabb.
8:45 of 2nd period - Michael Chaput wins face-off versus Colton Sissons in Ice Dragons zone.
8:57 of 2nd period - Icing by Victor Bartley.
8:58 of 2nd period - Brian Boyle wins face-off versus Colton Sissons in Harfangs zone.
9:23 of 2nd period - Jimmy Hayes is hit by Luke Adam and loses puck.
9:30 of 2nd period - Wrist shot by William Carrier.
9:30 of 2nd period - Deflect By Luke Adam.
9:30 of 2nd period - Goal by Luke Adam - Ice Dragons : 4 - Harfangs : 4.
9:31 of 2nd period - Brian Boyle wins face-off versus Jimmy Hayes in neutral zone.
9:34 of 2nd period - Slapshot by Brian Boyle.
9:34 of 2nd period - Stopped by Anton Forsberg without a rebound.
9:35 of 2nd period - Calle Jarnkrok wins face-off versus Brian Boyle in Harfangs zone.
10:04 of 2nd period - Slapshot by Brian Boyle.
10:04 of 2nd period - Shot Misses the Net.
10:11 of 2nd period - Icing by Oscar Sundqvist.
10:12 of 2nd period - Luke Adam wins face-off versus Oscar Sundqvist in Harfangs zone.
10:17 of 2nd period - Wrist shot by William Carrier.
10:17 of 2nd period - Stopped by Anton Forsberg with a rebound.
10:29 of 2nd period - Snap shot by Dustin Jeffrey.
10:29 of 2nd period - Stopped by Harru Sateri with a rebound.
10:31 of 2nd period - Snap shot by Oscar Sundqvist.
10:31 of 2nd period - Stopped by Harru Sateri with a rebound.
10:33 of 2nd period - Snap shot by Tomas Kubalik.
10:33 of 2nd period - Shot Hit the Post.
10:39 of 2nd period - Slapshot by Oscar Sundqvist.
10:39 of 2nd period - Goal by Oscar Sundqvist - Ice Dragons : 4 - Harfangs : 5.
10:40 of 2nd period - Brian Boyle wins face-off versus Calle Jarnkrok in neutral zone.
10:47 of 2nd period - Snap shot by Brian Boyle.
10:47 of 2nd period - Shot Misses the Net.
11:05 of 2nd period - William Carrier is hit by Dustin Jeffrey and loses puck.
11:21 of 2nd period - Icing by Jeff Petry.
11:22 of 2nd period - Oscar Sundqvist wins face-off versus Michael Chaput in Harfangs zone.
11:27 of 2nd period - Alec Martinez is hit by Brandon Pirri.
12:08 of 2nd period - Slapshot by David Rundblad.
12:08 of 2nd period - Shot Blocked by Oscar Sundqvist.
12:49 of 2nd period - Off-side.
12:50 of 2nd period - Steve Ott wins face-off versus Michael Chaput in neutral zone.
13:05 of 2nd period - Slapshot by Brandon Pirri.
13:05 of 2nd period - Stopped by Harru Sateri with a rebound.
13:15 of 2nd period - Snap shot by Steve Ott.
13:15 of 2nd period - Shot Hit the Post.
13:17 of 2nd period - Slapshot by Jake Dotchin.
13:17 of 2nd period - Deflect By Brandon Pirri.
13:17 of 2nd period - Stopped by Harru Sateri without a rebound.
13:18 of 2nd period - Brian Boyle wins face-off versus Jujhar Khaira in Ice Dragons zone.
13:27 of 2nd period - Slapshot by Kevin Connauton.
13:27 of 2nd period - Shot Blocked by Steve McCarthy.
13:43 of 2nd period - Dustin Jeffrey is hit by William Carrier and loses puck.
14:10 of 2nd period - Wrist shot by Brandon Pirri.
14:10 of 2nd period - Goal by Brandon Pirri - Ice Dragons : 4 - Harfangs : 6.
14:11 of 2nd period - Calle Jarnkrok wins face-off versus Brian Boyle in neutral zone.
14:15 of 2nd period - Off-side.
14:16 of 2nd period - Brian Boyle wins face-off versus Calle Jarnkrok in neutral zone.
14:23 of 2nd period - Snap shot by Alec Martinez.
14:23 of 2nd period - Deflect By Jujhar Khaira.
14:23 of 2nd period - Stopped by Anton Forsberg without a rebound.
14:24 of 2nd period - Calle Jarnkrok wins face-off versus Brian Boyle in Harfangs zone.
14:29 of 2nd period - Slapshot by Calle Jarnkrok.
14:29 of 2nd period - Shot Misses the Net.
15:15 of 2nd period - Michael Ferland is hit by Reid McNeill.
15:21 of 2nd period - Snap shot by Michael Chaput.
15:21 of 2nd period - Shot Blocked by Reid McNeill.
16:02 of 2nd period - Victor Bartley is hit by Thomas Gobeil and loses puck.
16:43 of 2nd period - Steve Ott is hit by Michael Chaput and loses puck.
17:24 of 2nd period - Wrist shot by Jimmy Hayes.
17:24 of 2nd period - Shot Misses the Net.
17:52 of 2nd period - Alec Martinez is hit by Andreas Martinsen and loses puck.
18:11 of 2nd period - Slapshot by Colton Sissons.
18:11 of 2nd period - Shot Misses the Net.
18:22 of 2nd period - Minor Penalty to William Carrier for Holding Stick.
18:23 of 2nd period - Brian Boyle wins face-off versus Calle Jarnkrok in Ice Dragons zone.
18:31 of 2nd period - Matt Corrente is hit by Reid McNeill and loses puck.
19:06 of 2nd period - Michael Chaput is hit by Jeff Petry.
19:12 of 2nd period - Icing by Jeff Petry.
19:13 of 2nd period - Brian Boyle wins face-off versus Oscar Sundqvist in Harfangs zone.
Goals for this period are 2 for Ice Dragons vs 2 for Harfangs.
Shots for this period are 10 for Ice Dragons vs 7 for Harfangs.
3rd period
0:01 of 3rd period - Calle Jarnkrok wins face-off versus Brian Boyle in neutral zone.
0:12 of 3rd period - Snap shot by Jimmy Hayes.
0:12 of 3rd period - Shot Misses the Net.
0:22 of 3rd period - Penalty to William Carrier is over, William Carrier is back on ice.
0:29 of 3rd period - Icing by Victor Bartley.
0:30 of 3rd period - Michael Chaput wins face-off versus Tomas Kubalik in Harfangs zone.
0:43 of 3rd period - Snap shot by Tomas Kubalik.
0:43 of 3rd period - Deflect By Dustin Jeffrey.
0:43 of 3rd period - Shot Misses the Net.
0:43 of 3rd period - Puck is out of play.
0:44 of 3rd period - Brian Boyle wins face-off versus Calle Jarnkrok in Ice Dragons zone.
0:46 of 3rd period - Minor Penalty to Brian Boyle for High sticking.
0:47 of 3rd period - Calle Jarnkrok wins face-off versus Michael Ferland in Ice Dragons zone.
0:49 of 3rd period - Snap shot by Calle Jarnkrok.
0:49 of 3rd period - Stopped by Harru Sateri without a rebound.
0:50 of 3rd period - Michael Ferland wins face-off versus Calle Jarnkrok in Ice Dragons zone.
2:46 of 3rd period - Penalty to Brian Boyle is over, Brian Boyle is back on ice.
3:02 of 3rd period - Wrist shot by Brandon Kozun.
3:02 of 3rd period - Shot Misses the Net.
3:04 of 3rd period - Wrist shot by Brian Boyle.
3:04 of 3rd period - Deflect By Brandon Kozun.
3:04 of 3rd period - Stopped by Anton Forsberg without a rebound.
3:05 of 3rd period - Logan MacMillan wins face-off versus Colton Sissons in Harfangs zone.
3:12 of 3rd period - Wrist shot by Brian Boyle.
3:12 of 3rd period - Stopped by Anton Forsberg with a rebound.
3:14 of 3rd period - Slapshot by Brayden McNabb.
3:14 of 3rd period - Deflect By Logan MacMillan.
3:14 of 3rd period - Shot Misses the Net.
3:14 of 3rd period - Puck is out of play.
3:15 of 3rd period - Brian Boyle wins face-off versus Morgan Klimchuk in Harfangs zone.
3:21 of 3rd period - Off-side.
3:22 of 3rd period - Calle Jarnkrok wins face-off versus Brian Boyle in neutral zone.
3:48 of 3rd period - Matt Corrente is hit by Reid McNeill.
3:58 of 3rd period - Slapshot by David Rundblad.
3:58 of 3rd period - Goal by David Rundblad - Ice Dragons : 5 - Harfangs : 6.
3:59 of 3rd period - Calle Jarnkrok wins face-off versus William Carrier in neutral zone.
4:17 of 3rd period - Minor Penalty to Matt Corrente for Tripping.
4:18 of 3rd period - Calle Jarnkrok wins face-off versus Brian Boyle in Ice Dragons zone.
4:30 of 3rd period - Slapshot by Jimmy Hayes.
4:30 of 3rd period - Stopped by Harru Sateri with a rebound.
4:34 of 3rd period - Snap shot by Jimmy Hayes.
4:34 of 3rd period - Shot Blocked by Alec Martinez.
4:44 of 3rd period - Wrist shot by Tomas Kubalik.
4:44 of 3rd period - Stopped by Harru Sateri with a rebound.
4:46 of 3rd period - Slapshot by Jeff Petry.
4:46 of 3rd period - Shot Blocked by Luke Adam.
4:48 of 3rd period - Slapshot by Jeff Petry.
4:48 of 3rd period - Stopped by Harru Sateri without a rebound.
4:49 of 3rd period - Brian Boyle wins face-off versus Calle Jarnkrok in Ice Dragons zone.
5:15 of 3rd period - Slapshot by David Rundblad.
5:15 of 3rd period - Shot Blocked by Jimmy Hayes.
5:49 of 3rd period - Slapshot by Jimmy Hayes.
5:49 of 3rd period - Goal by Jimmy Hayes - Ice Dragons : 5 - Harfangs : 7.
5:50 of 3rd period - Tomas Kubalik wins face-off versus Michael Chaput in neutral zone.
6:12 of 3rd period - Minor Penalty to Matt Corrente for Interference.
6:13 of 3rd period - Calle Jarnkrok wins face-off versus Brian Boyle in Ice Dragons zone.
6:42 of 3rd period - Off-side.
6:43 of 3rd period - Calle Jarnkrok wins face-off versus Michael Chaput in neutral zone.
6:46 of 3rd period - Alec Martinez is hit by Jimmy Hayes.
7:08 of 3rd period - Oscar Sundqvist is hit by Brian Boyle and loses puck.
8:12 of 3rd period - Penalty to Matt Corrente is over, Matt Corrente is back on ice.
8:40 of 3rd period - Snap shot by William Carrier.
8:40 of 3rd period - Goal by William Carrier - Ice Dragons : 6 - Harfangs : 7.
8:41 of 3rd period - Calle Jarnkrok wins face-off versus Brian Boyle in neutral zone.
9:51 of 3rd period - Slapshot by Steve McCarthy.
9:51 of 3rd period - Stopped by Harru Sateri without a rebound.
9:52 of 3rd period - Colton Sissons wins face-off versus Sam Carrick in Ice Dragons zone.
9:55 of 3rd period - Slapshot by Colton Sissons.
9:55 of 3rd period - Stopped by Harru Sateri with a rebound.
10:09 of 3rd period - Jeff Petry is hit by Brian Boyle and loses puck.
10:31 of 3rd period - Wrist shot by David Rundblad.
10:31 of 3rd period - Shot Blocked by Reid McNeill.
10:45 of 3rd period - Wrist shot by Brian Boyle.
10:45 of 3rd period - Stopped by Anton Forsberg without a rebound.
10:46 of 3rd period - Calle Jarnkrok wins face-off versus Luke Adam in Harfangs zone.
10:59 of 3rd period - Alec Martinez is hit by Jujhar Khaira and loses puck.
11:06 of 3rd period - Jake Dotchin is hit by Luke Adam and loses puck.
11:27 of 3rd period - Snap shot by Michael Chaput.
11:27 of 3rd period - Goal by Michael Chaput - Ice Dragons : 7 - Harfangs : 7.
11:28 of 3rd period - Oscar Sundqvist wins face-off versus Brian Boyle in neutral zone.
11:30 of 3rd period - Minor Penalty to Victor Bartley for Holding.
11:31 of 3rd period - Steve Ott wins face-off versus Brian Boyle in Harfangs zone.
12:07 of 3rd period - Slapshot by Alec Martinez.
12:07 of 3rd period - Shot Blocked by Steve McCarthy.
13:30 of 3rd period - Penalty to Victor Bartley is over, Victor Bartley is back on ice.
13:34 of 3rd period - Oscar Sundqvist is hit by Luke Adam and loses puck.
13:51 of 3rd period - Wrist shot by Ryan Hartman.
13:51 of 3rd period - Shot Blocked by Michael Chaput.
16:10 of 3rd period - Brandon Kozun is hit by Jeff Petry and loses puck.
16:43 of 3rd period - Slapshot by Michael Chaput.
16:43 of 3rd period - Stopped by Anton Forsberg without a rebound.
16:44 of 3rd period - Calle Jarnkrok wins face-off versus Michael Chaput in Harfangs zone.
17:45 of 3rd period - Wrist shot by Michael Chaput.
17:45 of 3rd period - Stopped by Anton Forsberg with a rebound.
17:47 of 3rd period - Slapshot by Alec Martinez.
17:47 of 3rd period - Shot Blocked by Andreas Martinsen.
17:49 of 3rd period - Slapshot by Alec Martinez.
17:49 of 3rd period - Deflect By Chris Wagner.
17:49 of 3rd period - Stopped by Anton Forsberg with a rebound.
17:51 of 3rd period - Wrist shot by Alec Martinez.
17:51 of 3rd period - Shot Blocked by Steve Ott.
17:57 of 3rd period - Minor Penalty to Reid McNeill for Cross-checking.
17:58 of 3rd period - Brian Boyle wins face-off versus Steve Ott in Harfangs zone.
17:59 of 3rd period - Backhand shot by Brandon Kozun.
17:59 of 3rd period - Shot Misses the Net.
18:48 of 3rd period - Dylan Olsen is hit by Brayden McNabb and loses puck.
19:09 of 3rd period - Backhand shot by Dylan Olsen.
19:09 of 3rd period - Stopped by Harru Sateri with a rebound.
19:57 of 3rd period - Penalty to Reid McNeill is over, Reid McNeill is back on ice.
Goals for this period are 3 for Ice Dragons vs 1 for Harfangs.
Shots for this period are 9 for Ice Dragons vs 8 for Harfangs.
Overtime #1
0:01 of 1st overtime period - Calle Jarnkrok wins face-off versus Brian Boyle in neutral zone.
0:08 of 1st overtime period - Slapshot by Calle Jarnkrok.
0:08 of 1st overtime period - Stopped by Harru Sateri without a rebound.
0:09 of 1st overtime period - Calle Jarnkrok wins face-off versus Brian Boyle in Ice Dragons zone.
0:12 of 1st overtime period - Wrist shot by Jimmy Hayes.
0:12 of 1st overtime period - Goal by Jimmy Hayes - Ice Dragons : 7 - Harfangs : 8.
Goals for this period are 0 for Ice Dragons vs 1 for Harfangs.
Shots for this period are 0 for Ice Dragons vs 2 for Harfangs.
Back to the Top